 Dungeon Crawl Stone Soup version 0.29.1-2-gbd0b4ee654 (webtiles) character file.

Game seed: 271607010991634886

896 DildoBatman the Magician (level 8, 0/58 HPs)
             Began as a Formicid Conjurer on Nov 7, 2022.
             Slain by Pikel
             ... wielding a +2 whip of freezing
              (2 damage)
             ... on level 6 of the Dungeon.
             The game lasted 00:10:04 (3694 turns).

DildoBatman the Magician (Formicid Conjurer)        Turns: 3694, Time: 00:10:05

Health: 0/58       AC: 10    Str: 12    XL:     8   Next: 27%
Magic:  17/17      EV: 11    Int: 18    God:
Gold:   283        SH:  0    Dex: 14    Spells: 16/19 levels left

rFire   . . .      SeeInvis +   a - +4 trident
rCold   + . .      Faith    .   (no shield)
rNeg    . . .      Spirit   .   x - +2 ring mail {rC+}
rPois   .          Reflect  .   (helmet unavailable)
rElec   .          Harm     .   p - +1 cloak
rCorr   .          Rampage  .   q - +0 pair of gloves
Will    .....                   (no boots)
Stlth   +.........              r - amulet of regeneration
HPRegen 0.99/turn               H - ring of wizardry
MPRegen 0.15/turn               (no ring)

@: lethally poisoned (0 -> 0)
A: permanent stasis, dig shafts and tunnels, antennae 3, four strong arms
a: Dig, Shaft Self


You were on level 6 of the Dungeon.
You visited 1 branch of the dungeon, and saw 6 of its levels.

You collected 283 gold pieces.

Inventory:

Hand Weapons
 a - a +4 trident (weapon)
 A - a +0 shortbow
Missiles
 c - 49 stones
 d - 11 poisoned darts
 D - 6 javelins
 E - a curare-tipped dart
 G - a boomerang
Armour
 p - a +1 cloak (worn)
 q - a +0 pair of gloves (worn)
 x - a +2 ring mail of cold resistance (worn)
Magical Staves
 o - a staff of death
 w - a staff of cold
Jewellery
 g - an amulet of reflection
 r - an amulet of regeneration (around neck)
 H - a ring of wizardry (left hand)
Wands
 C - a wand of light (5)
Scrolls
 i - a scroll of noise {unknown}
 j - 3 scrolls of enchant armour
 k - 2 scrolls of summoning
 l - a scroll of acquirement {unknown}
 n - 3 scrolls of amnesia
 s - a scroll of fear
 u - a scroll of brand weapon {unknown}
 v - a scroll of butterflies
 y - a scroll of vulnerability {unknown}
 B - 2 scrolls of enchant weapon
Potions
 b - 2 potions of magic
 e - 3 potions of degeneration {unknown}
 f - 2 potions of lignification {unknown}
 h - 5 potions of curing {unknown}
 m - a potion of berserk rage {unknown}
 t - a potion of brilliance {unknown}
 F - a potion of cancellation {unknown}


   Skills:
 - Level 3.0 Fighting
 - Level 3.0 Armour
 - Level 2.0 Dodging
 - Level 2.4 Stealth
 * Level 6.1 Spellcasting
 - Level 6.0 Conjurations


You had 16 spell levels left.
You knew the following spells:

 Your Spells              Type           Power      Damage    Failure   Level
a - Searing Ray           Conj           54%        2d6       1%          2
c - Magic Dart            Conj           100%       1d8       1%          1

Your spell library contained the following spells:

 Spells                   Type           Power      Damage    Failure   Level
 Dazzling Flash           Conj/Hex       32%        N/A       9%          3
 Fulminant Prism          Conj/Hex       8%         3d7       28%         4
 Iskenderun's Mystic Bla  Conj/Tloc      16%        2d5       28%         4
 Anguish                  Hex/Necr       2%         N/A       65%         4
 Lee's Rapid Deconstruct  Erth           2%         3d6*      93%         5
 Enfeeble                 Hex            2%         N/A       100%        7


Dungeon Overview and Level Annotations

Branches:
Dungeon (6/15)
 Temple: D:4-7

Altars:
Ashenzari
Vehumet
Xom

Annotations:
D:3 exclusion: 6 sensed monsters (detected)
D:4 Sigmund
D:5 Dowan, Duvessa
D:6 Pikel


Innate Abilities, Weirdness & Mutations

You cannot be hasted, slowed, berserked, paralysed or teleported.
You can dig through walls and to a lower floor.
You have a pair of large antennae on your head. (SInv)
Your four strong arms can wield two-handed weapons with a shield.


Message History

The ice beast hits you. The ice beast freezes you. You resist.
The water moccasin closely misses you.
You hit the ice beast.
The ice beast is lightly wounded.
You feel very sick.
The ice beast hits you but does no damage.
The water moccasin bites you but does no damage.
The ice beast barely misses you.
A lemure comes into view.
The lemure shouts!
You hit the ice beast.
The ice beast is moderately wounded.
You feel very sick. The water moccasin closely misses you.
The water moccasin bites you.
A lemure comes into view.
The ice beast misses you.
You closely miss the ice beast.
The ice beast is moderately wounded.
You feel sick. The water moccasin bites you.
The water moccasin bites you but does no damage.
The ice beast hits you but does no damage.
A lemure comes into view.
You barely miss the ice beast.
The ice beast is moderately wounded.
You feel sick. The water moccasin bites you. Pikel closely misses you.
The ice beast completely misses you. The water moccasin bites you.
You closely miss the ice beast.
The ice beast is moderately wounded.
You feel sick.
The water moccasin bites you but does no damage.
Pikel hits you with a +2 whip of freezing!
Pikel freezes you.
You die...

!.#......#...##.#.(...
. #......#......#.....
........>...##.......
........#...#........
#..#....###..........
........##..........
.......#..........
.......S......####
......Y@.......#
.#.....K......#..
##...............
#5..............
................
...5.............
..5##.......#### ...
#.......#


You could see Pikel, a water moccasin, an ice beast and 3 lemures.

Vanquished Creatures
  A black bear (D:6)
  An ogre (D:6)
  A phantom (D:5)
  2 centaurs
  A kobold brigand (D:5)
  4 hounds
  2 iguanas
  An orc wizard (D:3)
  7 adders
  3 gnolls (D:5)
  2 white imps
  An ufetubus (D:4)
  3 worms
  3 dart slugs
  17 orcs
  8 ball pythons
  3 endoplasms
  2 giant cockroaches
  5 hobgoblins
  3 jackals (D:1)
  6 kobolds
  4 quokkas
  5 bats
  5 frilled lizards
  10 goblins
  4 rats
104 creatures vanquished.

Vanquished Creatures (others)
  2 plants (D:3)
2 creatures vanquished.

Grand Total: 106 creatures vanquished

Notes
Turn   | Place    | Note
-------+----------+-------------------------------------------
     0 | D:1      | DildoBatman the Formicid Conjurer began the quest for the
                  | Orb.
     0 | D:1      | Reached XP level 1. HP: 13/13 MP: 3/3
   184 | D:1      | Reached XP level 2. HP: 19/19 MP: 3/5
   189 | D:1      | Learned a level 2 spell: Searing Ray
   495 | D:1      | Reached XP level 3. HP: 19/24 MP: 0/6
   776 | D:2      | Found a faded altar of an unknown god.
   831 | D:2      | Reached XP level 4. HP: 28/30 MP: 2/7
   957 | D:2      | Reached skill level 5 in Conjurations
  1173 | D:3      | Found a shimmering altar of Xom.
  1541 | D:3      | Reached XP level 5. HP: 27/36 MP: 0/8
  1699 | D:3      | Reached skill level 1 in Fighting
  1792 | D:3      | Reached skill level 1 in Armour
  2218 | D:4      | Noticed a centaur
  2225 | D:3      | Killed a centaur
  2226 | D:3      | Reached XP level 6. HP: 38/44 MP: 8/10
  2563 | D:4      | Found a radiant altar of Vehumet.
  2759 | D:5      | Entered Level 5 of the Dungeon
  2799 | D:5      | Noticed Sigmund
  2951 | D:5      | Reached XP level 7. HP: 49/51 MP: 10/12
  3359 | D:5      | Noticed Dowan
  3359 | D:5      | Noticed Duvessa
  3551 | D:5      | Found a broken altar of Ashenzari.
  3610 | D:6      | Reached skill level 5 in Spellcasting
  3610 | D:6      | Reached XP level 8. HP: 58/58 MP: 3/16
  3688 | D:6      | Noticed Pikel
  3694 | D:6      | HP: 2/58 [Pikel/+2 whip of freezing (8)]
  3694 | D:6      | Slain by Pikel

Illustrated notes

Levels and vault maps discovered:
D:1:      erik_arrival_triangle_medium, layout_basic, minmay_close_crescents
D:2:      layout_basic, hellmonk_ecumenical_altar_run_dry
D:3:      corexii_shack_village, layout_loops_corners,
          mainiacjoe_overflow_concentric_impassable, kennysheep_cross_bottleneck
D:4:      layout_cave_pools, vehumet_crystals
D:5:      layout_loops_corners, general_overflow_altar,
          kennysheep_generic_room_9, uniq_duvessa, uniq_sigmund
D:6:      layout_cave_pools, zin_treasury, gup_sewer_entry_bubbles,
          chequers_mini_garden, uniq_pikel

Skill      XL: |  1  2  3  4  5  6  7  8 |
---------------+-------------------------+-----
Conjurations   | 4 5 6 |  6.0
Dodging        | 2 |  2.0
Fighting       | 1 2 3 |  3.0
Armour         | 1 2 3 |  3.0
Spellcasting   | 3 5 6 |  6.1
Stealth        | |  2.4

Action                   |  1- 3 |  4- 6 |  7- 9 || total
-------------------------+-------+-------+-------++-------
Melee: Unarmed           |    13 |       |       ||    13
       Short sword       |    27 |    44 |       ||    71
       Punch             |     1 |     1 |       ||     2
       Trident           |       |    77 |   102 ||   179
 Cast: Magic Dart        |    42 |    17 |     1 ||    60
       Searing Ray       |     2 |     2 |     6 ||    10
Evoke: Wand              |       |       |     1 ||     1
  Use: Scroll            |       |     4 |     2 ||     6
 Stab: Sleeping          |     2 |     3 |     1 ||     6
       Distracted        |       |     1 |       ||     1
       Invisible         |       |       |     1 ||     1
Armor: Robe              |     5 |     3 |       ||     8
       Ring mail         |       |    64 |    69 ||   133
Dodge: Dodged            |    33 |    75 |    79 ||   187
Block: Other             |     5 |       |       ||     5
